[Event "Titled Tuesday Blitz March 29 Early 2022"]
[White "Lauridsen, Jesper Morch"]
[Black "Omariev, Maksim"]
[WhiteFideId "1401890"]
[BlackFideId "4193423"]
[WhiteElo "2311"]
[BlackElo "2514"]
[Result "0-1"]
[Round "05"]
[TimeControl "180+1"]
[Date "2022.03.30"]
[WhiteClock "0:00:01"]
[BlackClock "0:00:04"]

1. e4 c5 2. c3 Nf6 3. e5 Nd5 4. d4 cxd4 5. Nf3 Nc6 6. Bc4 e6 7. cxd4 d6 8. O-O Be7 9. Qe2 O-O 10. Rd1 a6 11. Nc3 Nxc3 12. bxc3 dxe5 13. dxe5 Qc7 14. Qe4 b5 15. Bd3 g6 16. Bh6 Rd8 17. Qf4 Bb7 18. Be4 f5 19. exf6 Qxf4 20. Bxf4 Bxf6 21. Bg5 Kg7 22. h4 Bxc3 23. Bxd8 Bxa1 24. Rd7+ Kg8 25. Bg5 Rb8 26. Bf4 e5 27. Bd5+ Kh8 28. Bh6 e4 29. Ng5 Nd8 30. Bxb7 Nxb7 31. Rxh7+ Kg8 32. Rc7 Nd6 33. Rd7 Nf5 34. Nxe4 Nxh6 35. Rd6 Kg7 36. Rxa6 Nf7 37. Ra7 Re8 38. Ng5 Re1+ 39. Kh2 Be5+ 40. g3 Re2 41. Rxf7+ Kg8 42. Rf3 Rxa2 43. Kg2 b4 44. Rd3 Bc3 45. Nf3 Ra3 46. g4 Kg7 47. h5 Bf6 48. Rd7+ Kg8 49. h6 b3 50. g5 Bc3 51. Rb7 b2 52. Kh2 Ra2 53. Kg2 Ra1 54. Rb3 b1=Q 55. Rxb1 Rxb1 56. Nh4 Kh7 57. f4 Rb4 58. Kf3 Bd2 59. Ng2 Bc1 60. Kg4 Rb3 61. f5 Rb4+ 62. Kf3 gxf5 63. Ne1 Bxg5 64. Nd3 Rb3 0-1


[Site "https://www.chess.com"]

[Event "Titled Tuesday Blitz March 29 Early 2022"]
[White "Le, Tuan Minh"]
[Black "Brodowski, Piotr"]
[WhiteFideId "12401153"]
[BlackFideId "1124480"]
[WhiteElo "2450"]
[BlackElo "2422"]
[Result "1-0"]
[Round "05"]
[TimeControl "180+1"]
[Date "2022.03.29"]
[WhiteClock "0:00:14"]
[BlackClock "0:00:08"]

1. d4 c5 2. c3 Qa5 3. d5 Nf6 4. g3 g6 5. Bg2 d6 6. Nf3 Bg7 7. O-O O-O 8. a4 Bf5 9. Nfd2 Qc7 10. Na3 Qc8 11. Re1 Bh3 12. Bh1 Nbd7 13. Nac4 b6 14. e4 Rb8 15. Nf3 Qa6 16. b3 b5 17. Ncd2 h6 18. Qc2 Rfc8 19. Bb2 Ng4 20. axb5 Qxb5 21. c4 Qb6 22. Bxg7 Kxg7 23. Ra4 f6 24. Rea1 Rb7 25. Ne1 Nge5 26. Bg2 Bxg2 27. Nxg2 g5 28. Ne3 Nf8 29. Qd1 Nf7 30. Qh5 Ng6 31. f4 Ra8 32. Kh1 Qc7 33. Ra6 Qd7 34. Nf5+ Kh7 35. R1a3 e6 36. Rxd6 1-0


[Site "https://www.chess.com"]

[Event "Titled Tuesday Blitz March 29 Early 2022"]
[White "Legenia, Artem"]
[Black "Hartikainen, Jarmo"]
[WhiteFideId "14136945"]
[BlackFideId "503134"]
[WhiteElo "1936"]
[BlackElo "2063"]
[Result "1-0"]
[Round "05"]
[TimeControl "180+1"]
[Date "2022.03.30"]
[WhiteClock "0:01:17"]
[BlackClock "0:00:33"]

1. e4 c5 2. Nf3 Nc6 3. c3 d5 4. exd5 Qxd5 5. d4 cxd4 6. cxd4 Bg4 7. Nc3 Bxf3 8. Nxd5 Bxd1 9. Nc7+ Kd8 10. Nxa8 Bh5 11. Bf4 e5 12. dxe5 Bb4+ 13. Bd2 Bxd2+ 14. Kxd2 Nge7 15. h3 Kd7 16. g4 Bg6 17. Bg2 Rxa8 18. f4 f5 19. Ke3 Ke6 20. Rhd1 Rd8 21. Rxd8 Nxd8 22. Rd1 Nec6 23. Rd6+ Ke7 24. a3 Nf7 25. Rd1 Nfd8 26. b4 a6 27. Bf1 b5 28. Bd3 fxg4 29. Bxg6 hxg6 30. hxg4 g5 31. Rd6 gxf4+ 32. Kxf4 Ne6+ 33. Kf5 Ncd4+ 34. Kg6 Nf3 35. Rxa6 Nxe5+ 36. Kf5 g6+ 37. Kxe5 1-0


[Site "https://www.chess.com"]

[Event "Titled Tuesday Blitz March 29 Early 2022"]
[White "Lehtosaari, Mauri"]
[Black "Dejmek, Mark"]
[WhiteFideId "501999"]
[BlackFideId "2017628"]
[WhiteElo "2508"]
[BlackElo "2262"]
[Result "1-0"]
[Round "05"]
[TimeControl "180+1"]
[Date "2022.03.30"]
[WhiteClock "0:00:19"]
[BlackClock "0:00:06"]

1. d4 Nf6 2. Nf3 e6 3. Bg5 h6 4. Bh4 c5 5. e3 Qb6 6. Nbd2 cxd4 7. exd4 d5 8. Bd3 Be7 9. O-O O-O 10. Rb1 Nc6 11. c3 Bd7 12. Ne5 g5 13. Bg3 Nxe5 14. Bxe5 Bb5 15. Bxb5 Qxb5 16. Qf3 Nd7 17. Bg3 f5 18. Be5 Nxe5 19. dxe5 Qa4 20. a3 Qg4 21. Qxg4 fxg4 22. Rfe1 Bc5 23. Re2 Rf5 24. Nb3 Bb6 25. g3 Raf8 26. Nd4 Bxd4 27. cxd4 Rf3 28. Rd2 Rb3 29. Rc1 Rff3 30. Rc7 a5 31. Re7 Rfd3 32. Rc2 Rxd4 33. Rc8# 1-0


[Site "https://www.chess.com"]

[Event "Titled Tuesday Blitz March 29 Early 2022"]
[White "Lewtak, Damian"]
[Black "Barrientos, Sergio E"]
[WhiteFideId "1141724"]
[BlackFideId "4401824"]
[WhiteElo "2362"]
[BlackElo "2397"]
[Result "0-1"]
[Round "05"]
[TimeControl "180+1"]
[Date "2022.03.29"]
[WhiteClock "0:00:13"]
[BlackClock "0:00:13"]

1. d4 Nf6 2. c4 g6 3. Nd2 d5 4. Ngf3 Bg7 5. e3 O-O 6. b3 b6 7. Bb2 Bb7 8. Be2 Nbd7 9. O-O dxc4 10. Nxc4 c5 11. Nce5 cxd4 12. Bxd4 Rc8 13. Rc1 Nxe5 14. Bxe5 Rxc1 15. Qxc1 Qa8 16. Qb2 Rd8 17. Rd1 h6 18. h3 Rxd1+ 19. Bxd1 Qc8 20. Be2 Qf5 21. a4 g5 22. Qd4 Qb1+ 23. Kh2 Qxb3 24. Bc4 Qa3 25. Qd8+ Bf8 26. Bd4 Qxa4 27. Ne5 Qb4 28. Bxf7+ Kg7 29. Qc7 Be4 30. Ba2 Qd6 31. Qc3 Bd5 32. Bb1 Kg8 33. f3 Nd7 34. e4 Bg7 35. Qc8+ Nf8 36. Qf5 Be6 37. Qg4 Bxg4 0-1


[Site "https://www.chess.com"]

[Event "Titled Tuesday Blitz March 29 Early 2022"]
[White "Majdan, Joanna"]
[Black "Secer, Ata"]
[WhiteFideId "1121979"]
[BlackFideId "6303293"]
[WhiteElo "2234"]
[BlackElo "2282"]
[Result "1-0"]
[Round "05"]
[TimeControl "180+1"]
[Date "2022.03.30"]
[WhiteClock "0:00:06"]
[BlackClock "0:00:01"]

1. e4 c5 2. c3 Nf6 3. e5 Nd5 4. Nf3 e6 5. d4 cxd4 6. cxd4 d6 7. Bc4 Be7 8. O-O O-O 9. Qe2 b6 10. Rd1 Bb7 11. Bb3 dxe5 12. Nxe5 Nd7 13. Nc3 Nxc3 14. bxc3 Nxe5 15. Qxe5 Bd6 16. Qh5 g6 17. Qh6 Qc7 18. Bg5 Rfe8 19. Rd3 Bf8 20. Qh4 Be7 21. Rh3 Bxg5 22. Qxg5 Rad8 23. Re1 Bd5 24. Bxd5 exd5 25. Re5 Rxe5 26. dxe5 Re8 27. Re3 d4 28. Re1 dxc3 29. h4 c2 30. Rc1 Rxe5 31. Qd2 Rc5 32. h5 gxh5 33. g3 h4 34. gxh4 Kg7 35. Kh1 h6 36. Rg1+ Kh7 37. Qd4 Qe5 38. Qg4 Qd5+ 39. f3 c1=Q 40. Qg8# 1-0


[Site "https://www.chess.com"]

[Event "Titled Tuesday Blitz March 29 Early 2022"]
[White "Mangialardo, Tiago Carvalho"]
[Black "Krylov, Ivan"]
[WhiteFideId "2130718"]
[BlackFideId "24128066"]
[WhiteElo "2053"]
[BlackElo "2258"]
[Result "1-0"]
[Round "05"]
[TimeControl "180+1"]
[Date "2022.03.30"]
[WhiteClock "0:00:17"]
[BlackClock "0:00:07"]

1. e4 c6 2. d4 d5 3. exd5 cxd5 4. Bd3 Nf6 5. Nf3 Bg4 6. O-O e6 7. Bf4 Bd6 8. Be3 Nc6 9. c3 O-O 10. Nbd2 Rc8 11. Rc1 a6 12. Qb3 Qc7 13. h3 Bh5 14. Rfe1 Bg6 15. Bxg6 hxg6 16. a3 b5 17. Qc2 Na5 18. Qd3 Nc4 19. Rc2 Nd7 20. Nb3 Ndb6 21. Nc5 Bxc5 22. dxc5 Nd7 23. b4 Qb7 24. Ra2 Nde5 25. Nxe5 Nxe5 26. Qd4 Nc4 27. Bf4 Rce8 28. Bg3 f6 29. a4 e5 30. Qg4 Kf7 31. axb5 axb5 32. Rea1 Ra8 33. Rxa8 Rxa8 34. Rxa8 Qxa8 35. Qd7+ Kg8 36. Qxb5 Qa1+ 37. Kh2 Qxc3 38. c6 Nd6 39. Qxd5+ Nf7 40. b5 f5 41. b6 f4 42. Bh4 g5 43. Bxg5 Kf8 44. b7 Qb4 45. Qd7 Nxg5 46. Qc8+ Kf7 47. Qc7+ Kg6 48. b8=Q Qe4 49. Qe8+ Kh6 50. Qh8+ Nh7 51. Qcxg7+ Kh5 52. Qgxh7+ Qxh7 53. Qxh7+ Kg5 54. Qg7+ 1-0


[Site "https://www.chess.com"]

[Event "Titled Tuesday Blitz March 29 Early 2022"]
[White "Manolache, Marius"]
[Black "Gabdrakhmanov, Azat"]
[WhiteFideId "1201530"]
[BlackFideId "34189197"]
[WhiteElo "2389"]
[BlackElo "2279"]
[Result "0-1"]
[Round "05"]
[TimeControl "180+1"]
[Date "2022.03.29"]
[WhiteClock "0:00:09"]
[BlackClock "0:00:21"]

1. d4 Nf6 2. c4 g6 3. Nc3 Bg7 4. e4 O-O 5. Be2 d6 6. Nf3 e5 7. O-O Nc6 8. d5 Ne7 9. Nd2 Nd7 10. b4 a5 11. bxa5 Rxa5 12. Nb3 Ra8 13. a4 f5 14. a5 Nf6 15. Nd2 g5 16. Ra3 Ng6 17. Nf3 h6 18. exf5 Bxf5 19. Bd3 Qd7 20. Bxf5 Qxf5 21. Nb5 Rf7 22. Ne1 g4 23. Qc2 Qh5 24. Bd2 Raf8 25. a6 bxa6 26. Rxa6 Nh7 27. Ra3 Ng5 28. c5 dxc5 29. Qxc5 Nf4 30. Bxf4 Rxf4 31. Qxc7 Nf3+ 32. gxf3 gxf3 33. Kh1 Rh4 34. Nxf3 Rxf3 35. Qc8+ Kh7 36. Rxf3 Qxf3+ 37. Kg1 Rg4+ 38. Qxg4 Qxg4+ 39. Kh1 Qf3+ 40. Kg1 Qxd5 41. Nc3 Qf3 42. Nd1 e4 43. Ne3 Bd4 44. Ng2 h5 45. h4 e3 46. fxe3 Bxe3+ 47. Nxe3 Qxe3+ 48. Kg2 Qe4+ 49. Kf2 Qxh4+ 50. Kg2 Kh6 51. Rf3 Qe4 52. Kg3 Kg5 53. Rf2 h4+ 54. Kh2 Kg4 55. Rg2+ Kh5 56. Rf2 Qe5+ 57. Kh3 Qg3# 0-1


[Site "https://www.chess.com"]

[Event "Titled Tuesday Blitz March 29 Early 2022"]
[White "Marcziter, Dmitrii"]
[Black "Fiol, Fabrice"]
[WhiteFideId "13900765"]
[BlackFideId "611670"]
[WhiteElo "2155"]
[BlackElo "2437"]
[Result "1-0"]
[Round "05"]
[TimeControl "180+1"]
[Date "2022.03.30"]
[WhiteClock "0:00:16"]
[BlackClock "0:00:10"]

1. d4 Nf6 2. c4 e6 3. Nf3 Bb4+ 4. Nbd2 b6 5. a3 Bxd2+ 6. Bxd2 Bb7 7. Bf4 d6 8. h3 Nbd7 9. e3 Ne4 10. Be2 O-O 11. O-O f5 12. Qc2 g5 13. Bh2 Rf6 14. Nd2 Nxd2 15. Qxd2 Qe7 16. b4 e5 17. Rfe1 Raf8 18. Bf1 e4 19. c5 f4 20. exf4 gxf4 21. cxd6 cxd6 22. Rac1 e3 23. Qa2+ Kh8 24. Rc7 Be4 25. Bb5 Rg6 26. f3 Bxf3 27. Rxd7 Qh4 28. Re2 Bxe2 29. Qxe2 f3 30. Qxe3 Rxg2+ 31. Kh1 Re2 32. Bxe2 Qe1+ 33. Bg1 f2 34. Qg3 fxg1=Q+ 35. Qxg1 Qxg1+ 36. Kxg1 Re8 37. Bd3 Re3 38. Bxh7 Rxh3 39. Bf5 Rxa3 40. Rxd6 a5 41. b5 Rf3 42. Bd7 a4 43. Rxb6 a3 44. Ra6 Rb3 45. b6 Kg7 46. Be6 Kf6 47. d5 Rb1+ 48. Kf2 Rb2+ 49. Ke3 a2 50. Kd3 Ke5 51. Kc3 Rb1 52. Rxa2 Rc1+ 53. Rc2 Ra1 54. Rb2 Ra5 55. b7 Rc5+ 56. Kd3 Ra5 57. b8=Q+ Kf6 58. Qf8+ Ke5 59. Re2# 1-0


[Site "https://www.chess.com"]

[Event "Titled Tuesday Blitz March 29 Early 2022"]
[White "Martin Carmona, Gaston Manuel"]
[Black "Korchmar, Vasiliy"]
[WhiteFideId "22284567"]
[BlackFideId "24131750"]
[WhiteElo "2161"]
[BlackElo "2370"]
[Result "1-0"]
[Round "05"]
[TimeControl "180+1"]
[Date "2022.03.30"]
[WhiteClock "0:01:14"]
[BlackClock "0:01:20"]

1. c4 c6 2. Nf3 d5 3. e3 Nf6 4. b3 e6 5. Bb2 Bd6 6. Qc2 O-O 7. Nc3 e5 8. cxd5 cxd5 9. Nb5 Nc6 10. Nxd6 Qxd6 11. Bb5 Bg4 12. Bxc6 Bxf3 13. gxf3 bxc6 14. O-O-O a5 15. Qf5 Rfe8 16. f4 Ne4 17. fxe5 Qc5+ 18. Kb1 a4 19. Rhg1 axb3 20. Rxg7+ Kxg7 21. e6+ f6 22. Bxf6+ Kh6 23. Bg7+ Kxg7 24. Rg1+ Kh6 25. Qh3# 1-0


[Site "https://www.chess.com"]

[Event "Titled Tuesday Blitz March 29 Early 2022"]
[White "Maung, Maung Kyaw Zaw Hein"]
[Black "Osmonbekov, Talaibek"]
[WhiteFideId "13001698"]
[BlackFideId "2017253"]
[WhiteElo "1785"]
[BlackElo "2135"]
[Result "1/2-1/2"]
[Round "05"]
[TimeControl "180+1"]
[Date "2022.03.30"]
[WhiteClock "0:00:19"]
[BlackClock "0:00:08"]

1. Nf3 d6 2. d4 f5 3. c4 Nf6 4. Nc3 g6 5. g3 Bg7 6. Bg2 O-O 7. O-O c6 8. Qc2 Qe8 9. d5 e5 10. dxe6 Bxe6 11. b3 Nbd7 12. Bb2 Rc8 13. Ng5 d5 14. Nxe6 Qxe6 15. cxd5 cxd5 16. Qd2 Ne4 17. Nxe4 dxe4 18. Rac1 Bxb2 19. Qxb2 Qe5 20. Qxe5 Nxe5 21. f3 exf3 22. exf3 Nd3 23. Rcd1 Rfd8 24. Rd2 Nb4 25. Rfd1 Rxd2 26. Rxd2 Rc1+ 27. Kf2 Ra1 28. f4 b6 29. Rd8+ Kg7 30. Rd7+ Kf6 31. Rxa7 Rxa2+ 32. Rxa2 Nxa2 33. Ke3 Ke6 34. Kd4 Kd6 35. Kc4 h6 36. Bf1 Kc6 37. b4 Nc1 38. Kc3 Na2+ 39. Kb3 Nxb4 40. Kxb4 Kd5 41. Bc4+ Ke4 42. Bf7 g5 43. fxg5 hxg5 44. h4 gxh4 45. gxh4 Ke5 46. Kb5 f4 47. Bc4 f3 48. Bf1 Kf5 49. Bh3+ Kg6 50. Bg4 f2 51. Be2 f1=Q 52. Bxf1 Kh5 53. Kxb6 Kxh4 1/2-1/2


[Site "https://www.chess.com"]

[Event "Titled Tuesday Blitz March 29 Early 2022"]
[White "Meissner, Felix"]
[Black "Balint, Vilmos"]
[WhiteFideId "24671827"]
[BlackFideId "718050"]
[WhiteElo "2350"]
[BlackElo "2059"]
[Result "0-1"]
[Round "05"]
[TimeControl "180+1"]
[Date "2022.03.30"]
[WhiteClock "0:01:30"]
[BlackClock "0:01:31"]

1. e4 e6 2. d4 d5 3. Nd2 c5 4. exd5 exd5 5. Ngf3 Nf6 6. Bb5+ Bd7 7. Bxd7+ Qxd7 8. O-O Be7 9. dxc5 O-O 10. Nb3 a5 11. a4 Na6 12. Be3 Rac8 13. Bd4 Ne4 14. Nxa5 Naxc5 15. c3 b6 16. Nb3 Nxa4 17. Qc2 Nac5 18. Nbd2 Bf6 19. Bxf6 Nxf6 20. Nd4 Rfe8 21. N2f3 Nfe4 22. Rfd1 h6 23. h3 Ra8 24. Rxa8 Rxa8 25. Ne5 Qe8 26. Nd3 Qa4 27. Qxa4 Rxa4 28. Nf4 Ra2 29. Nxd5 Rxb2 30. f3 Ng3 31. Re1 Nd3 32. Re8+ Kh7 33. Re7 Rb1+ 34. Kh2 Nf1+ 35. Kg1 Ne3+ 36. Kh2 Nxd5 37. Rxf7 Nxc3 38. Ne6 b5 39. Rxg7+ Kh8 40. Rb7 b4 41. Nf8 Nc5 42. Re7 b3 43. Nh7 Nd5 44. Ra7 0-1


[Site "https://www.chess.com"]

[Event "Titled Tuesday Blitz March 29 Early 2022"]
[White "Melikhov, Evgeny V."]
[Black "Coto Mederos, Michel"]
[WhiteFideId "4122046"]
[BlackFideId "3508528"]
[WhiteElo "1945"]
[BlackElo "2427"]
[Result "1-0"]
[Round "05"]
[TimeControl "180+1"]
[Date "2022.03.30"]
[WhiteClock "0:00:23"]
[BlackClock "0:00:07"]

1. d4 d5 2. c4 e6 3. Nc3 Nf6 4. cxd5 exd5 5. Bg5 Be7 6. e3 O-O 7. Bd3 c6 8. Qc2 Nbd7 9. Nf3 Re8 10. O-O Nf8 11. h3 g6 12. Ne5 Ne6 13. Bh6 Ng7 14. Rab1 Bf5 15. b4 Bxd3 16. Qxd3 Nf5 17. Bf4 Rc8 18. b5 c5 19. dxc5 Bxc5 20. Ne2 Qe7 21. Nf3 Red8 22. Ned4 Nd6 23. Bg5 Nde4 24. Bxf6 Qxf6 25. Rfc1 Bd6 26. a4 Bb8 27. Rc2 Qd6 28. Rbc1 Rxc2 29. Qxc2 h5 30. a5 a6 31. bxa6 bxa6 32. Qc6 Kg7 33. Rb1 Bc7 34. Rb7 Bxa5 35. Ne6+ Qxe6 36. Qxe6 Nd6 37. Ne5 1-0


[Site "https://www.chess.com"]

[Event "Titled Tuesday Blitz March 29 Early 2022"]
[White "Mika, Tomasz"]
[Black "Shvedova, Alexandra"]
[WhiteFideId "1132970"]
[BlackFideId "54154782"]
[WhiteElo "2116"]
[BlackElo "1912"]
[Result "1-0"]
[Round "05"]
[TimeControl "180+1"]
[Date "2022.03.30"]
[WhiteClock "0:00:14"]
[BlackClock "0:00:16"]

1. d4 Nf6 2. Nf3 e6 3. g3 b5 4. Bg2 Bb7 5. O-O c5 6. a4 b4 7. c3 d5 8. Bf4 Nbd7 9. Nbd2 Be7 10. cxb4 cxd4 11. b5 O-O 12. Nb3 Ne4 13. Nbxd4 Bf6 14. Be3 Nb6 15. b3 a5 16. Rc1 g6 17. Nc6 Bxc6 18. Rxc6 Nd7 19. Qc2 Qe7 20. Rc1 Qb4 21. Rc7 Rfd8 22. h4 h5 23. Nd2 Nc3 24. Rxc3 Bxc3 25. Qxc3 Qxc3 26. Rxc3 Rac8 27. Rc6 Ne5 28. Rxc8 Rxc8 29. Bd4 Nd7 30. Nf3 f6 31. Bh3 Kf7 32. Bf1 e5 33. Ba7 Ke6 34. Ne1 Kd6 35. e3 Nc5 36. b6 Kc6 37. Nd3 Kb7 38. Nxc5+ Rxc5 39. Bb5 Rc3 40. Be8 Rxb3 41. Bxg6 Rb4 42. Bxh5 Rxa4 43. Bf7 Ra1+ 44. Kg2 Rd1 45. h5 a4 46. h6 a3 47. h7 a2 48. h8=Q a1=Q 49. Qb8+ Ka6 50. Qc8+ Ka5 51. Qc5+ Ka6 52. b7 Rg1+ 53. Kh3 Qf1+ 54. Kg4 Qe2+ 55. Kf5 Qf3+ 56. Ke6 Qg4+ 57. Ke7 Rb1 58. b8=N+ Kb7 59. Qc6+ Kxa7 60. Nd7 Rb7 61. Bxd5 Rxd7+ 62. Qxd7+ Qxd7+ 63. Kxd7 Kb6 64. Bg2 f5 65. Ke6 f4 66. Kxe5 fxg3 67. fxg3 Kc5 68. g4 Kc4 69. Kf6 Kd3 70. g5 Ke2 71. g6 Kf2 72. g7 Kg1 73. e4 Kh2 74. e5 Kg1 75. e6 Kh2 76. e7 Kg1 77. e8=Q Kh2 78. g8=Q Kg1 79. Be4+ Kh2 80. Qg2# 1-0


[Site "https://www.chess.com"]

[Event "Titled Tuesday Blitz March 29 Early 2022"]
[White "Mikhalsky, Vladimir"]
[Black "Mikhailovsky, Vladimir"]
[WhiteFideId "14144352"]
[BlackFideId "34105414"]
[WhiteElo "2498"]
[BlackElo "2782"]
[Result "0-1"]
[Round "05"]
[TimeControl "180+1"]
[Date "2022.03.30"]
[WhiteClock "0:00:07"]
[BlackClock "0:00:07"]

1. c4 e6 2. g3 d5 3. Bg2 Nf6 4. Nf3 d4 5. O-O c5 6. e3 Nc6 7. exd4 cxd4 8. Re1 Bd6 9. d3 h6 10. Na3 O-O 11. Nc2 e5 12. b4 Nxb4 13. Nxb4 Bxb4 14. Rxe5 Bd6 15. Re2 Rb8 16. Rb1 Bg4 17. h3 Bxf3 18. Bxf3 b6 19. Rb5 Bc5 20. a4 Ne8 21. Bf4 Nc7 22. Bxc7 Qxc7 23. Qe1 Qd7 24. Kg2 a6 25. Rb1 Qxa4 26. Ra1 Qb3 27. Be4 a5 28. Qb1 Qxb1 29. Rxb1 Rfe8 30. Ra2 Kf8 31. Kf3 Re5 32. Bd5 Rbe8 33. Bc6 R8e6 34. Bd5 Rf6+ 35. Kg2 g5 36. g4 Rf4 37. Be4 Rfxe4 38. dxe4 Rxe4 39. Rb3 Ke7 40. Kf3 Rf4+ 41. Kg3 d3 42. Rxd3 Rxc4 43. Re2+ Kf6 44. Rf3+ Kg6 45. Kg2 a4 46. Re8 a3 47. Rg8+ Kh7 48. Ra8 Kg7 49. Ra7 Rf4 50. Rfxa3 Bxa3 51. Rxa3 b5 52. Ra6 Rf6 53. Ra5 Rb6 54. Ra3 Kf6 55. Kf3 Ke5 56. Ke3 Kd5 57. Kd3 Rf6 58. Ke3 Kc4 59. Ra8 b4 60. Rc8+ Kb5 61. Rb8+ Rb6 62. Rd8 b3 63. Kd2 Kc4 64. Kc1 Kc3 65. Rc8+ Kd3 66. Re8 Kc4 67. Kb2 Kb4 68. Rf8 Rf6 69. Rb8+ Kc4 70. Rc8+ Kd4 71. Rd8+ Ke4 72. Re8+ Kf3 73. Kxb3 Kxf2 74. Rd8 Kg3 75. Kc4 Kxh3 76. Kd4 Kxg4 77. Ke5 Rf4 78. Kd5 h5 79. Rh8 h4 80. Ke5 h3 81. Kd5 f6 82. Ke6 Kg3 83. Kf7 Kg2 84. Kg6 h2 85. Rh4 Rxh4 0-1


[Site "https://www.chess.com"]

[Event "Titled Tuesday Blitz March 29 Early 2022"]
[White "Mirzoev, Azer"]
[Black "Fathy, Elameir"]
[WhiteFideId "13400304"]
[BlackFideId "10600396"]
[WhiteElo "2525"]
[BlackElo "2311"]
[Result "1-0"]
[Round "05"]
[TimeControl "180+1"]
[Date "2022.03.30"]
[WhiteClock "0:01:19"]
[BlackClock "0:00:01"]

1. c4 c6 2. e4 d5 3. exd5 cxd5 4. cxd5 Nf6 5. Qa4+ Nbd7 6. Nc3 g6 7. Bc4 Bg7 8. d3 a6 9. Nf3 O-O 10. Qa3 Rb8 11. Bf4 Ra8 12. O-O Nb6 13. Qb3 Nh5 14. Bg5 Bg4 15. Nd2 Nf6 16. h3 Bf5 17. Rfe1 Rc8 18. a4 Nbd7 19. Qxb7 Nc5 20. Qxe7 Nxd3 21. Bxd3 Bxd3 22. d6 Re8 23. Qxd8 Rexd8 24. Nde4 Nxe4 25. Nxe4 Rd7 26. Be7 Bxb2 27. Rad1 Bxe4 28. Rxe4 Re8 29. Rb1 Bg7 30. Rb6 Bf8 31. Rxa6 Bxe7 32. dxe7 Rexe7 33. Rxe7 Rxe7 34. g4 Re4 35. Kg2 Re2 36. g5 Ra2 37. Kg3 Kg7 38. Ra7 Ra3+ 39. Kg4 Ra2 40. f4 Ra3 41. h4 Rb3 42. h5 gxh5+ 43. Kxh5 Rf3 44. Kg4 Ra3 45. Ra6 Ra1 46. a5 Rg1+ 47. Kf5 Rb1 48. Rb6 Ra1 49. Rb5 Ra4 50. Ke5 Kg6 51. Rb6+ Kg7 52. a6 Ra5+ 53. Kd6 Ra4 54. Kc6 Rxf4 55. Kb7 Ra4 56. a7 Rxa7+ 57. Kxa7 1-0


[Site "https://www.chess.com"]

[Event "Titled Tuesday Blitz March 29 Early 2022"]
[White "Miszler, Levente"]
[Black "Smietanska, Wiktoria"]
[WhiteFideId "763276"]
[BlackFideId "21869359"]
[WhiteElo "1966"]
[BlackElo "1893"]
[Result "1-0"]
[Round "05"]
[TimeControl "180+1"]
[Date "2022.03.30"]
[WhiteClock "0:00:05"]
[BlackClock "0:00:06"]

1. Nf3 Nf6 2. c4 g6 3. d4 Bg7 4. Nc3 O-O 5. e4 d6 6. Be2 e5 7. h3 c6 8. Be3 Qe7 9. d5 cxd5 10. cxd5 a6 11. Qd2 b5 12. a3 Bb7 13. O-O Nbd7 14. Bh6 Nc5 15. Bxg7 Kxg7 16. Qe3 Rac8 17. Nd2 Ncd7 18. f4 exf4 19. Qxf4 Rfe8 20. Rf2 Qe5 21. Qxe5 Rxe5 22. Raf1 Rce8 23. Bd3 h5 24. Ne2 R5e7 25. Nd4 Rc8 26. N4f3 Nc5 27. Bb1 Rce8 28. Ng5 Ncd7 29. Nb3 Kh6 30. h4 Kg7 31. Nd4 Rf8 32. Rc1 Ng4 33. Rf4 Nde5 34. b4 Rc8 35. Rff1 Rxc1 36. Rxc1 Nc4 37. Rc3 Nge5 38. Bd3 Kf6 39. Bxc4 Nxc4 40. a4 Ne5 41. axb5 axb5 42. Nxb5 Ba6 43. Nxd6 Ra7 44. b5 Bb7 45. Rc1 Ng4 46. Ndxf7 Bc8 47. Rf1+ Kg7 48. e5 Kg8 49. e6 Bd7 50. exd7 Rxd7 51. Re1 Rxd5 52. b6 Rb5 53. Re8+ Kg7 54. Re1 Rxb6 55. Ne5 Nxe5 56. Rxe5 Kf6 57. Rc5 Ra6 58. Kh2 Ra2 59. Kh3 Kg7 60. g3 Kf6 61. Rc6+ Kg7 62. Rc7+ Kf6 63. Rf7+ Ke5 64. Nf3+ Ke4 65. Rf6 Rf2 66. Ng5+ Ke3 67. Rxf2 Kxf2 68. Nf7 1-0


[Site "https://www.chess.com"]

[Event "Titled Tuesday Blitz March 29 Early 2022"]
[White "Obolentseva, Alexandra"]
[Black "Molina, Roberto Junio Brito"]
[WhiteFideId "24153648"]
[BlackFideId "2109450"]
[WhiteElo "2579"]
[BlackElo "2768"]
[Result "1-0"]
[Round "05"]
[TimeControl "180+1"]
[Date "2022.03.30"]
[WhiteClock "0:00:24"]
[BlackClock "0:00:08"]

1. d4 c6 2. c4 d5 3. Nf3 Nf6 4. Nc3 dxc4 5. a4 Bf5 6. e3 e6 7. Bxc4 Bb4 8. O-O O-O 9. Qe2 Nbd7 10. e4 Bg6 11. Bd3 Bh5 12. h3 e5 13. g4 Nxg4 14. hxg4 Bxg4 15. Na2 Bd6 16. Qe3 Bxf3 17. Qxf3 exd4 18. Qg2 Ne5 19. Rd1 Qf6 20. f4 Nxd3 21. Rxd3 Rfe8 22. Bd2 c5 23. e5 Qf5 24. Rg3 Bf8 25. Re1 c4 26. Bb4 g6 27. Bxf8 Kxf8 28. Qe4 Qxe4 29. Rxe4 Rad8 30. Kf2 b6 31. Nb4 f5 32. Re1 d3 33. Ke3 Re6 34. Rd1 Rd7 35. Kd2 Rd4 36. Rf3 a5 37. Na2 Rc6 38. Nc3 Ke7 39. Rh1 Ke6 40. Rxh7 Rd7 41. Rxd7 Kxd7 42. Nb5 Rc5 43. Nc3 Ke6 44. Rg3 Kf7 45. Rh3 Kg7 46. Rh2 Rc8 47. Ke3 Rd8 48. Nb5 Re8 49. Nd6 Re7 50. Nxc4 Rc7 51. Nxb6 Rc2 52. Rxc2 dxc2 53. Kd2 g5 54. fxg5 f4 55. Kxc2 f3 56. Kd2 1-0


[Site "https://www.chess.com"]

[Event "Titled Tuesday Blitz March 29 Early 2022"]
[White "Odegov, Artem"]
[Black "Kobalia, Mikhail"]
[WhiteFideId "34183644"]
[BlackFideId "4119150"]
[WhiteElo "2498"]
[BlackElo "2807"]
[Result "1-0"]
[Round "05"]
[TimeControl "180+1"]
[Date "2022.03.30"]
[WhiteClock "0:00:18"]
[BlackClock "0:00:37"]

1. d4 Nf6 2. c4 g6 3. Nc3 Bg7 4. e4 O-O 5. h3 d6 6. Be3 e5 7. d5 Na6 8. Bd3 Nc5 9. Bc2 a5 10. g4 Ne8 11. Nge2 Bf6 12. Qd2 Bh4 13. O-O-O Ng7 14. Rdg1 Bd7 15. Rg2 f6 16. f4 exf4 17. Nxf4 Qe7 18. Bf2 Bxf2 19. Qxf2 Qe5 20. h4 Rab8 21. h5 Qg5 22. hxg6 hxg6 23. Kb1 b5 24. cxb5 Bxb5 25. Rgh2 Kf7 26. e5 dxe5 27. Bxg6+ Ke7 28. Qxc5+ Kd7 29. Rh7 1-0


[Site "https://www.chess.com"]

[Event "Titled Tuesday Blitz March 29 Early 2022"]
[White "Omelja, Artem"]
[Black "Bintang, Rasyid A. Hidayat"]
[WhiteFideId "14119846"]
[BlackFideId "7105355"]
[WhiteElo "2382"]
[BlackElo "2376"]
[Result "1/2-1/2"]
[Round "05"]
[TimeControl "180+1"]
[Date "2022.03.30"]
[WhiteClock "0:00:06"]
[BlackClock "0:00:21"]

1. d4 d5 2. c4 Nc6 3. cxd5 Qxd5 4. Nf3 e5 5. Nc3 Bb4 6. Bd2 Bxc3 7. Bxc3 e4 8. Nd2 e3 9. fxe3 Nf6 10. Qc2 Bf5 11. Qb3 Qxb3 12. axb3 O-O-O 13. h3 h5 14. g3 Ne4 15. Nxe4 Bxe4 16. Rg1 Rhe8 17. Kd2 Bd5 18. Bg2 Bxg2 19. Rxg2 a6 20. Rf2 Re7 21. Kd3 Ne5+ 22. Kd2 Nc6 23. Raf1 f6 24. Rf5 Rde8 25. R1f3 h4 26. gxh4 Re4 27. R5f4 R4e7 28. Rg4 Rd8 29. Rfg3 Rdd7 30. h5 b5 31. Ke1 Kb7 32. Rg6 Rd5 33. h6 gxh6 34. Rxh6 f5 35. Rf6 Re4 36. Kf2 Ne7 37. Bb4 Nc6 38. Bc5 Na5 39. Rg7 Nxb3 40. Rff7 Nxc5 41. Rxc7+ Kb6 42. dxc5+ Rxc5 43. Rxc5 Kxc5 44. Ra7 Kb6 45. Rf7 Rh4 46. Rf6+ Ka5 47. Kg3 Re4 48. Kf3 Rh4 49. Kg3 Re4 50. Rxf5 Rxe3+ 51. Rf3 Rxe2 52. h4 Rxb2 53. Ra3+ Kb4 54. Rxa6 Rb1 55. Kg4 Rg1+ 56. Kf5 Rh1 57. Kg5 Rg1+ 58. Kh6 Rh1 59. h5 Kc3 60. Rc6+ Kb3 61. Rb6 Kc4 62. Kg6 b4 63. h6 b3 64. Kg7 Kc3 65. h7 b2 66. Kg8 Kc2 67. Rc6+ Kb3 68. Rb6+ Kc2 69. h8=Q Rxh8+ 70. Kxh8 b1=Q 71. Rxb1 Kxb1 1/2-1/2


[Site "https://www.chess.com"]